Map: Prion Terraces

Players

cuztoune - Winner!

  • Race: Terran Terran
  • League: Gold

lesha

  • Race: Terran Terran
  • League: Gold

VOD

Have the link to the VOD?

Description

Time

  • Played on: Jan. 10, 2016, 8:15 a.m.
  • Length: 9:43
Show
View Real Time Build Order
Export as new Build Order

cuztoune Terran - Winner!

Build Orders:  

Get SALT Encoding   

  12  0:02  SCV  
  13  0:17  Supply Depot  
  13  0:18  SCV  
  14  0:30  SCV  
  15  0:41  Barracks  
  15  0:43  SCV  
  15  0:47  Refinery  
  16  0:55  SCV  
  17  1:02  Barracks  
  17  1:07  SCV  
  18  1:19  Barracks  
  18  1:25  SCV  
  18  1:32  Supply Depot  
  19  1:37  Refinery  
  19  1:40  Reaper  
  20  1:55  Reaper  
  21  2:04  Orbital Command  
  21  2:08  Reaper  
  22  2:17  Reaper  
  23  2:29  Reaper  
  24  2:40  Reaper  
  24  2:50  Reaper  
  25  3:01  Reaper  
  25  3:04  Command Center  
  26  3:14  Reaper  
  26  3:31  SCV, Reaper  
  26  3:44  Reaper  
  26  3:45  SCV  
  28  3:53  Reaper  
  28  4:06  Reaper  
  27  4:22  Orbital Command  
  26  4:26  SCV  
  28  4:38  SCV  
  28  4:42  Factory  
  28  4:45  Barracks Reactor, Barracks  
  28  4:47  Barracks Tech Lab, Barracks  
  28  4:50  SCV  
  28  4:54  Marine  
  27  5:00  SCV  
  28  5:09  Marine  
  28  5:11  Bunker  
  28  5:12  Stimpack, Marine  
  30  5:14  SCV  
  31  5:22  SCV  
  31  5:27  Marine  
  33  5:31  Factory Tech Lab  
  33  5:37  Barracks Reactor  
  33  5:38  Starport  
  33  5:40  SCV x2  
  33  5:41  Marine x2  
  33  5:42  Barracks Reactor, Marine  
  38  5:48  Marine  
  39  5:52  SCV  
  40  5:59  Marine x2  
  42  6:09  Engineering Bay  
  42  6:11  Marine x2  
  42  6:17  Starport Reactor, Marine  
  45  6:23  Command Center  
  45  6:26  Siege Tank  
  45  6:31  Marine x2  
  45  6:32  Marine x2  
  52  6:37  Supply Depot  
  52  6:38  Terran Infantry Weapons Level 1  
  52  6:40  Engineering Bay  
  51  6:52  SCV x2  
  53  7:00  Supply Depot  
  49  7:06  Marine x3  
  49  7:07  Marine x5  
  49  7:08  Medivac x2  
  61  7:19  Siege Tank  
  64  7:24  Marine  
  64  7:28  Marine x3  
  68  7:33  Terran Infantry Armor Level 1  
  68  7:35  SCV  
  69  7:37  SCV  
  69  7:40  Command Center  
  70  7:51  Marine x4  
  70  7:52  Marine x3  
  77  8:03  Marine  
  78  8:29  Marine x5  
  78  8:30  Supply Depot, Siege Tank, Marine x2  
  88  8:37  Armory  
  88  8:38  Marine  
  89  8:42  SCV x2  
  89  8:47  Marine x3  
  94  8:53  Supply Depot  
  94  8:58  Marine x2  
  96  9:07  Marine x6  
  102  9:16  Marine  
Show
View Real Time Build Order
Export as new Build Order

lesha Terran 

Build Orders:  

Get SALT Encoding   

  12  0:01  SCV  
  13  0:13  SCV  
  14  0:18  Supply Depot  
  14  0:25  SCV  
  15  0:40  SCV, Barracks  
  16  0:45  Refinery  
  16  0:52  SCV  
  17  1:08  SCV  
  18  1:20  SCV  
  19  1:28  Reaper  
  19  1:32  Orbital Command  
  20  2:00  SCV  
  21  2:06  Supply Depot  
  21  2:07  Barracks  
  21  2:08  Barracks  
  21  2:11  Factory  
  21  2:12  SCV  
  21  2:14  Refinery  
  22  2:23  Marine  
  23  2:40  SCV  
  23  2:41  Marine  
  24  2:52  SCV  
  25  2:59  Marine  
  25  3:01  Barracks Tech Lab  
  25  3:03  Barracks Reactor  
  25  3:04  SCV  
  27  3:06  Hellion  
  29  3:16  Marine  
  28  3:30  Marine  
  28  3:32  Hellion  
  31  3:37  Marine  
  30  3:44  Marine  
  30  3:46  Marine  
  30  3:48  Marine  
  31  3:55  Marine  
  30  4:02  Hellion, Marine  
  32  4:03  Marine  
  30  4:17  Marine  
  31  4:19  Marine  
  33  4:27  SCV  
  34  4:32  Barracks Reactor  
  34  4:35  Command Center, Stimpack  
  33  4:39  Factory Tech Lab, SCV  
  33  4:41  Starport  
  33  4:42  Factory Reactor  
  34  4:51  SCV  
  35  5:01  Marine x3  
  35  5:03  SCV  
  39  5:14  Engineering Bay  
  39  5:17  Barracks  
  39  5:19  Marine x2  
  39  5:20  Supply Depot  
  41  5:22  Supply Depot  
  41  5:24  SCV  
  42  5:30  Starport Reactor  
  42  5:36  SCV  
  42  5:38  Factory Tech Lab  
  43  5:46  Medivac x2  
  47  5:52  Orbital Command  
  47  5:56  Reaper  
  48  5:58  Marine x2  
  50  6:09  Barracks Reactor  
  50  6:10  Terran Infantry Weapons Level 1  
  50  6:13  Marine x2  
  52  6:24  SCV x2  
  54  6:29  Marine x2  
  54  6:30  Marine  
  57  6:36  SCV  
  57  6:38  SCV  
  59  6:48  SCV  
  59  6:50  SCV  
  41  7:12  SCV x2  
  43  7:15  Marine  
  43  7:16  Marine x5  
  49  7:24  SCV  
  50  7:30  Marine  
  50  7:31  Medivac x2  
  50  7:33  Marine  
  50  7:36  Command Center  
  55  7:45  Command Center  
  55  7:48  Marine x3  
  55  7:49  Marine x2  
  59  8:09  Marine x6  
  59  8:10  Marine  
  59  8:11  Medivac  
  67  8:13  SCV x2  
  68  8:25  SCV x2  
  70  8:37  SCV, Marine x4  
  70  8:38  Marine x2  
  77  8:54  Engineering Bay  
  77  8:56  Armory  
  77  8:59  SCV, Refinery  
  77  9:00  Refinery  
  78  9:06  Supply Depot  
  78  9:07  Supply Depot  
  78  9:17  SCV  
  78  9:19  SCV  
  67  9:29  SCV  
  67  9:30  Supply Depot  
  67  9:31  SCV  
Tags
 
Add a new tag
Caveats
  • Supply blocks, unpowered buildings, or Contaminate may cause inaccurate times.
  • Supply counts are checked every 10 seconds.